[Event "Swiss Youth-ch U14 2023"]
[Site "Olten"]
[Date "2023.05.26"]
[Round "1.1"]
[White "Stoll, Arturo"]
[Black "Malli, Suvirr"]
[Result "0-1"]
[ECO "B94"]
[WhiteElo "1607"]
[BlackElo "2114"]
[Annotator "TA"]
[PlyCount "116"]
[EventDate "2023.05.26"]
[EventType "swiss"]
[EventCountry "SUI"]
[SourceTitle "playchess.com"]
[Source "ChessBase"]
[SourceQuality "1"]
[TimeControl "5400+30"]

1. e4 c5 2. Nf3 d6 3. d4 cxd4 4. Nxd4 Nf6 5. Nc3 a6 6. Bg5 Nbd7 7. Bc4 h6 {B94: Sicilian Najdorf: 6 Bg5 Nbd7.} 8. Be3 g6 (8... Qc7 $5 9. Bb3 e6 $11) 9. f4 Bg7 {[%emt 0:00:30] White is slightly better.} 10. O-O {[%emt 0:40:20] [#]} (10. f5 {keeps more tension.} Ne5 11. Bb3 Nfg4 12. Bf4) 10... O-O $146 ({Predecessor:} 10... Nc5 11. f5 b5 12. Bd5 Nxd5 13. Nxd5 Bd7 14. fxg6 fxg6 15. e5 dxe5 16. Qf3 Rf8 {1-0 Giurgiu,N (2137)-Nenciulescu,S (2056) CFriend SH-2004-0-00024 email (1)}) 11. a4 Qc7 12. Be2 b6 (12... Nc5 $11) 13. Nd5 $16 Nxd5 14. exd5 Nf6 15. c4 Bd7 16. Rc1 (16. f5 $16) 16... Rac8 (16... e5 $14 17. dxe6 fxe6) 17. b3 (17. f5 $16) 17... Qb7 (17... e6 $14) 18. Bf3 b5 19. Nc6 Rfe8 20. axb5 (20. cxb5 $16 axb5 21. a5) 20... axb5 $14 21. Ra1 (21. Bd4 $14) 21... bxc4 $11 22. bxc4 Ra8 23. Rxa8 Qxa8 24. Bd4 Qa2 {[%emt 0:05:16] Inhibits Qb3.} 25. Qe2 Qxe2 26. Bxe2 e6 27. Bf3 exd5 28. Bxf6 (28. cxd5 $5 h5 29. Rc1 $11) 28... Bxf6 29. cxd5 (29. Bxd5 $11 {keeps the balance.} Rc8 30. Ne5) 29... h5 30. Kf2 h4 (30... Ra8 $17) 31. Re1 Ra8 32. g4 g5 (32... Ra4 $17 33. Ke3 Kg7) 33. f5 Kf8 34. h3 Ra3 35. Re3 Bc3 {[%emt 0:00:30] Hoping for ...Bxc6.} 36. Kg2 Ra2+ 37. Re2 Ra1 38. Rc2 Bf6 39. Re2 (39. Be2 $15) 39... Kg7 (39... Bc8 $1 $17 {And now ...Ba6 would win.} 40. Nb4 Rb1) 40. Kf2 Ra4 (40... Bc8 $5 ) 41. Kg2 (41. Re4 $11 Ra2+ 42. Re2) 41... Kf8 ({Black should play} 41... Bc8 $1 $17 {aiming for ...Ba6.} 42. Re4 Ra2+ 43. Be2 Rd2) 42. Kf2 Ra3 43. Kg2 (43. Re3 $11 Ra2+ 44. Ke1) 43... Bc8 $1 $17 44. Rc2 Kg7 (44... Ba6 $1 $19 {and Black stays clearly on top.} 45. Rc1 Bc3) 45. Kf2 {[%emt 0:00:30] [#]} (45. Be2 $17 {was worth a try.}) 45... Ba6 $1 $19 46. Kg2 Ra1 (46... Bd3 $19 47. Rd2 Bc4) 47. Rf2 (47. Be2 $17) 47... Bc4 48. Rd2 Bf1+ {[%emt 0:00:30] This pair of bishops is nice.} 49. Kh2 Bc4 $2 (49... Bc3 $19 50. Rf2 Bd3) 50. Rc2 (50. Kg2 $1 $11 {and White is okay.}) 50... Bb5 51. Kg2 Rb1 52. Kf2 Bb2 53. Be2 Ba4 54. Rc4 {[%emt 0:00:30] [#]} Bb3 (54... Ra1 $142 $1 55. Rb4 Bc3) 55. Rb4 $17 Ba3 ({Black should try} 55... Bxd5 $17 56. Ne7 Ba2) 56. Rb8 $2 (56. Rb5 $11) 56... Bc5+ {[%emt 0:00:30] Black mates.} 57. Kg2 Bxd5+ 58. Bf3 Rg1+ {[%emt 0:00:30][%mdl 64] Deflection.   Weighted Error Value: White=0.43/Black=0.30} 0-1

[Event "Swiss Youth-ch U14 2023"]
[Site "Olten"]
[Date "2023.05.26"]
[Round "1.2"]
[White "Gut, Lionel"]
[Black "Gafner, Lancelot"]
[Result "1-0"]
[ECO "D35"]
[WhiteElo "2054"]
[BlackElo "1641"]
[Annotator "RC"]
[PlyCount "81"]
[EventDate "2023.05.26"]
[EventType "swiss"]
[EventCountry "SUI"]
[SourceTitle "playchess.com"]
[Source "ChessBase"]
[SourceQuality "1"]
[TimeControl "5400+30"]

1. d4 d5 2. c4 e6 3. Nc3 Nf6 4. cxd5 exd5 5. Bg5 Be7 6. e3 O-O 7. Bd3 Nbd7 8. Nge2 b6 9. O-O Bb7 10. Rc1 c5 11. Ng3 Re8 12. Nf5 Bf8 13. a4 a6 14. Qf3 h6 15. Bh4 g6 16. Qg3 Qb8 17. Bxf6 Nxf6 18. Qh4 Bg7 19. Nxh6+ Kf8 20. Ng4 Nxg4 21. Qxg4 c4 22. Be2 Bc6 23. Bf3 Qb7 24. Qf4 Rad8 25. Rb1 b5 26. axb5 axb5 27. b3 Rd7 28. bxc4 dxc4 29. d5 Bxd5 30. Rxb5 Qc6 31. Bxd5 Rxd5 32. Nxd5 Be5 33. Qh6+ Bg7 34. Qh4 Qxb5 35. Nc7 Qb3 36. Nxe8 Kxe8 37. Qe4+ Kd7 38. Qd5+ Ke7 39. Rd1 Qb4 40. Qd7+ Kf6 41. Qd4+ 1-0

[Event "Swiss Youth-ch U14 2023"]
[Site "Olten"]
[Date "2023.05.26"]
[Round "1.3"]
[White "Delangle, Alexander"]
[Black "Udipi, Kala Kishan"]
[Result "1-0"]
[ECO "B31"]
[WhiteElo "1621"]
[BlackElo "1904"]
[Annotator "NA RC"]
[PlyCount "95"]
[EventDate "2023.05.26"]
[EventType "swiss"]
[EventCountry "SUI"]
[SourceTitle "playchess.com"]
[Source "ChessBase"]
[SourceQuality "1"]
[TimeControl "5400+30"]

1. e4 c5 2. Nf3 Nc6 3. Bb5 g6 4. O-O Bg7 5. Re1 Nf6 6. e5 Nd5 7. Nc3 Nc7 8. Bxc6 dxc6 9. Ne4 Ne6 10. d3 O-O 11. Be3 b6 12. Qd2 Nd4 13. Nxd4 cxd4 14. Bh6 c5 15. Re2 Re8 16. Ng3 Bb7 17. Rae1 Qd5 18. f3 Qe6 19. Qg5 Rac8 20. Bxg7 Kxg7 21. Nh5+ Kh8 $1 22. Nf4 Qf5 23. Qh6 g5 24. Nh3 Rg8 25. Qh5 Qg6 $1 26. Qg4 Bc6 27. Nf2 h5 28. Qh3 Rcd8 29. Ne4 h4 30. Nf2 (30. f4 $11 {might be stronger.} Bd7 31. g4 gxf4 32. Qxh4+ Qh7 33. Qxh7+ Kxh7 34. h3) 30... Bd7 31. g4 Qh6 32. Ne4 Be6 33. Rf2 Rd5 34. Nd2 Bc8 35. Qg2 $11 Rdd8 36. h3 Bb7 37. Qh2 Bd5 38. Ne4 Bxe4 39. Rxe4 Qe6 40. f4 f6 41. exf6 Qxa2 42. fxe7 Rde8 43. fxg5 Rxg5 44. Rf8+ Kh7 45. Rxe8 Qb1+ 46. Kf2 Qxc2+ 47. Re2 Qxd3 48. Rh8+ 1-0

[Event "Swiss Youth-ch U14 2023"]
[Site "Olten"]
[Date "2023.05.26"]
[Round "1.4"]
[White "Kanana, Ziad"]
[Black "Van Aepelen, Nikolai"]
[Result "1-0"]
[ECO "B12"]
[WhiteElo "1828"]
[BlackElo "1623"]
[Annotator "NA RC"]
[PlyCount "97"]
[EventDate "2023.05.26"]
[EventType "swiss"]
[EventCountry "SUI"]
[SourceTitle "playchess.com"]
[Source "ChessBase"]
[SourceQuality "1"]
[TimeControl "5400+30"]

1. e4 c6 2. d4 d5 3. e5 c5 4. dxc5 Nc6 5. f4 e6 6. Be3 Nge7 7. Nf3 Nf5 8. Bf2 Qa5+ 9. Qd2 Bxc5 10. Qxa5 Bxf2+ 11. Kxf2 Nxa5 12. g4 Ne7 13. Nbd2 Bd7 14. Bd3 Rc8 15. Rhd1 a6 16. b4 Nac6 $11 17. a3 b5 (17... Na7 $11 {keeps the balance.}) 18. Nb3 f6 19. Nc5 fxe5 20. fxe5 Ra8 21. c3 Ra7 22. a4 O-O 23. Kg3 bxa4 24. Nxd7 Rxd7 25. Rxa4 Ra7 26. Rda1 Rc7 27. Rxa6 h6 28. Ra8 Nb8 29. R1a3 Nec6 30. b5 Rcf7 31. Be2 Ne7 32. R8a7 Kh7 33. Nd4 Re8 34. b6 g5 35. Bd3+ Kg8 36. Be2 Nc8 37. Rxf7 Kxf7 38. b7 Nb6 39. Nb5 Re7 40. Nd6+ Kg7 41. Rb3 N6d7 42. Ra3 Nb6 43. Ba6 Kf8 44. Nc8 Nxa6 45. Nxe7 Nb8 46. Nc8 N6d7 47. Ra8 Nc6 48. Na7+ Ncb8 49. Nc6 1-0

[Event "Swiss Youth-ch U14 2023"]
[Site "Olten"]
[Date "2023.05.26"]
[Round "1.5"]
[White "Papaux, Jeremie"]
[Black "Gut, Raphael"]
[Result "1/2-1/2"]
[ECO "D87"]
[WhiteElo "1491"]
[BlackElo "1817"]
[Annotator "NA RC"]
[PlyCount "67"]
[EventDate "2023.05.26"]
[EventType "swiss"]
[EventCountry "SUI"]
[SourceTitle "playchess.com"]
[Source "ChessBase"]
[SourceQuality "1"]
[TimeControl "5400+30"]

1. d4 Nf6 2. c4 g6 3. Nc3 d5 4. cxd5 Nxd5 5. e4 Nxc3 6. bxc3 Bg7 7. Bc4 c5 8. Ne2 O-O 9. O-O Nc6 10. Be3 Bg4 11. f3 Bd7 12. Rc1 Qa5 13. Qb3 Rab8 14. Rfd1 b5 15. Bd5 c4 16. Qc2 e6 17. Bxc6 Bxc6 18. Bf4 Rb7 19. Bd6 Rd8 20. Bb4 Qc7 21. e5 a5 22. Bd6 Qd7 23. Rb1 b4 24. Re1 Ba4 25. Qd2 b3 26. Ng3 f5 27. exf6 Qxd6 28. fxg7 Kxg7 29. Ne4 Qd5 30. Qf2 Rb5 31. Nc5 Rxc5 32. dxc5 bxa2 33. Qxa2 Qxc5+ 34. Kf1 1/2-1/2

[Event "Swiss Youth-ch U14 2023"]
[Site "Olten"]
[Date "2023.05.26"]
[Round "1.6"]
[White "Breyer, Philippe"]
[Black "Paholok, Adam"]
[Result "1-0"]
[ECO "C01"]
[WhiteElo "1766"]
[BlackElo "1556"]
[Annotator "NA RC"]
[PlyCount "79"]
[EventDate "2023.05.26"]
[EventType "swiss"]
[EventCountry "SUI"]
[SourceTitle "playchess.com"]
[Source "ChessBase"]
[SourceQuality "1"]
[TimeControl "5400+30"]

1. e4 e6 2. d4 d5 3. Bd3 dxe4 4. Bxe4 c5 5. Ne2 Nf6 6. Bf3 cxd4 7. Qxd4 Qxd4 8. Nxd4 Bc5 9. Nb5 Na6 10. a3 O-O 11. c4 e5 12. b4 Bd4 13. Nxd4 exd4 14. O-O Rd8 15. Bf4 Be6 16. Bxb7 Bxc4 17. Rc1 Nd5 18. Bxa8 Nxf4 19. Rxc4 Rxa8 20. g3 Ne2+ 21. Kf1 Re8 22. Ra2 d3 23. Nc3 Nc1 24. Rd2 Rd8 25. Nd1 Ne2 26. Rxd3 Re8 27. Re3 Nxg3+ 28. hxg3 Rd8 29. Ke2 Nb8 30. Rc7 a6 31. Ree7 Rf8 32. Ne3 h5 33. Nf5 h4 34. Nxh4 Kh8 35. Rxf7 Re8+ 36. Kf3 a5 37. Rxg7 Nd7 38. Rcxd7 Re3+ 39. fxe3 a4 40. Kf2 1-0

[Event "Swiss Youth-ch U14 2023"]
[Site "Olten"]
[Date "2023.05.26"]
[Round "1.7"]
[White "Haas, Anthony"]
[Black "Breyer, Thierry"]
[Result "0-1"]
[ECO "E11"]
[WhiteElo "1530"]
[BlackElo "1697"]
[Annotator "NA RC"]
[PlyCount "52"]
[EventDate "2023.05.26"]
[EventType "swiss"]
[EventCountry "SUI"]
[SourceTitle "playchess.com"]
[Source "ChessBase"]
[SourceQuality "1"]
[TimeControl "5400+30"]

1. d4 Nf6 2. c4 e6 3. g3 Bb4+ 4. Bd2 c5 5. Bxb4 cxb4 6. Bg2 O-O 7. Nf3 d6 8. Nbd2 Nc6 9. O-O e5 10. d5 Nb8 11. e4 a5 12. a3 Na6 13. Qc2 Qb6 14. axb4 Nxb4 15. Qc3 Nd7 16. Ra3 Nc5 17. Ne1 f5 18. Nc2 Nbd3 19. Nb3 fxe4 20. Nxa5 Nxf2 21. Qe3 Ng4 22. Rxf8+ Kxf8 23. Qe2 Nd3+ 24. Kh1 Ngf2+ 25. Kg1 Nh3+ 26. Kf1 Qg1# 0-1

[Event "Swiss Youth-ch U14 2023"]
[Site "Olten"]
[Date "2023.05.26"]
[Round "1.8"]
[White "Gade, Niels Severin"]
[Black "Akinkhov, Mikhail"]
[Result "0-1"]
[ECO "C42"]
[WhiteElo "1689"]
[BlackElo "1495"]
[Annotator "NA RC"]
[PlyCount "84"]
[EventDate "2023.05.26"]
[EventType "swiss"]
[EventCountry "SUI"]
[SourceTitle "playchess.com"]
[Source "ChessBase"]
[SourceQuality "1"]
[TimeControl "5400+30"]

1. e4 e5 2. Nf3 Nf6 3. Nxe5 d6 4. Nf3 Nxe4 5. c4 c6 6. Nc3 Nxc3 7. dxc3 Be7 8. Be2 O-O 9. O-O Nd7 10. Bf4 Nf6 11. Qc2 Qa5 12. Nd4 d5 13. Nf5 Bxf5 14. Qxf5 Qd8 15. cxd5 Qxd5 16. Qxd5 Nxd5 17. Bg3 Rad8 18. Rad1 Nb6 19. Bf3 Na4 20. Rb1 Bf6 21. Bd1 Nc5 22. Bc2 Rd2 23. Bf5 Na4 24. h3 Rxb2 25. Rxb2 Nxb2 26. Rc1 g6 27. Bg4 Re8 28. Kh2 h5 29. Bf3 h4 30. Bd6 Rd8 31. Bc5 Nd3 32. Be3 Nxc1 33. Bxc1 Bxc3 34. Bg5 Be5+ 35. Kg1 f6 36. Bxh4 g5 37. Bg3 Bxg3 38. fxg3 Rd2 39. Bg4 Kg7 40. Be6 c5 41. h4 gxh4 42. gxh4 b5 0-1

[Event "Swiss Youth-ch U14 2023"]
[Site "Olten"]
[Date "2023.05.26"]
[Round "2.1"]
[White "Malli, Suvirr"]
[Black "Breyer, Philippe"]
[Result "1-0"]
[ECO "B90"]
[WhiteElo "2114"]
[BlackElo "1766"]
[Annotator "NA RC"]
[PlyCount "53"]
[EventDate "2023.05.26"]
[EventType "swiss"]
[EventCountry "SUI"]
[SourceTitle "playchess.com"]
[Source "ChessBase"]
[SourceQuality "1"]
[TimeControl "5400+30"]

1. e4 c5 2. Nf3 d6 3. d4 cxd4 4. Nxd4 Nf6 5. Nc3 a6 6. h3 e5 7. Nf3 Be7 8. g4 h6 9. Rg1 g5 10. Be3 Qc7 11. a4 b6 12. Bg2 Bb7 13. Nd2 Nbd7 14. Nf1 Nf8 15. Ng3 Ng6 16. Nf5 Nf4 17. Bxf4 exf4 18. Qd4 Bc8 19. Nd5 Nxd5 20. Qxh8+ Bf8 21. exd5 Bxf5 22. gxf5 Qxc2 23. Qc3 Qxf5 24. Qc6+ Ke7 25. Qxa8 f3 26. Bxf3 Qxf3 27. Ra3 1-0

[Event "Swiss Youth-ch U14 2023"]
[Site "Olten"]
[Date "2023.05.26"]
[Round "2.2"]
[White "Breyer, Thierry"]
[Black "Gut, Lionel"]
[Result "0-1"]
[ECO "B90"]
[WhiteElo "1697"]
[BlackElo "2054"]
[Annotator "NA RC"]
[PlyCount "30"]
[EventDate "2023.05.26"]
[EventType "swiss"]
[EventCountry "SUI"]
[SourceTitle "playchess.com"]
[Source "ChessBase"]
[SourceQuality "1"]
[TimeControl "5400+30"]

1. e4 c5 2. Nf3 d6 3. d4 cxd4 4. Nxd4 Nf6 5. Nc3 a6 6. h3 e5 7. Nb3 Be6 8. f4 b5 9. f5 Bc8 10. a3 Bb7 11. Bd3 d5 12. Qf3 dxe4 13. Nxe4 Nxe4 14. O-O Nc5 15. Qe2 Nc6 0-1

[Event "Swiss Youth-ch U14 2023"]
[Site "Olten"]
[Date "2023.05.26"]
[Round "2.3"]
[White "Akinkhov, Mikhail"]
[Black "Kanana, Ziad"]
[Result "0-1"]
[ECO "E97"]
[WhiteElo "1495"]
[BlackElo "1828"]
[Annotator "NA RC"]
[PlyCount "46"]
[EventDate "2023.05.26"]
[EventType "swiss"]
[EventCountry "SUI"]
[SourceTitle "playchess.com"]
[Source "ChessBase"]
[SourceQuality "1"]
[TimeControl "5400+30"]

1. d4 Nf6 2. c4 g6 3. Nc3 Bg7 4. e4 d6 5. Nf3 O-O 6. Be2 e5 7. O-O Nc6 8. d5 Ne7 9. b4 Ne8 10. Nd2 f5 11. f3 f4 12. c5 g5 13. cxd6 cxd6 14. Nc4 h5 15. Bd2 Rf7 16. Nb5 Bf8 17. Be1 a6 18. Nc3 Rg7 19. Kh1 g4 20. Bh4 g3 21. hxg3 Rxg3 22. Bxg3 fxg3 23. Qe1 Nf5 0-1

[Event "Swiss Youth-ch U14 2023"]
[Site "Olten"]
[Date "2023.05.26"]
[Round "2.4"]
[White "Gut, Raphael"]
[Black "Delangle, Alexander"]
[Result "1-0"]
[ECO "D43"]
[WhiteElo "1817"]
[BlackElo "1621"]
[Annotator "NA RC"]
[PlyCount "71"]
[EventDate "2023.05.26"]
[EventType "swiss"]
[EventCountry "SUI"]
[SourceTitle "playchess.com"]
[Source "ChessBase"]
[SourceQuality "1"]
[TimeControl "5400+30"]

1. d4 d5 2. c4 c6 3. Nc3 Nf6 4. Nf3 e6 5. Bg5 h6 6. Bh4 dxc4 7. e4 g5 8. Bg3 b5 9. Ne5 Bb7 10. Be2 Nbd7 11. O-O Bg7 12. Nxf7 Kxf7 13. e5 Rf8 14. exf6 Nxf6 15. Bf3 Qd7 16. Qe2 Rae8 17. Rad1 Kg8 18. Rfe1 Qf7 19. Bd6 g4 20. Be4 Nxe4 21. Nxe4 Rd8 22. Bxf8 Kxf8 23. Qxg4 Rxd4 24. Rxd4 Bxd4 25. Qh4 Qe7 26. Qxh6+ Kg8 27. Qg6+ Bg7 28. Ng5 Qf6 29. Qh7+ Kf8 30. Nxe6+ Kf7 31. Nxg7 Qxb2 32. Qf5+ Kg8 33. Re8+ Kxg7 34. Re7+ Kg8 35. Qf7+ Kh8 36. Re8# 1-0

[Event "Swiss Youth-ch U14 2023"]
[Site "Olten"]
[Date "2023.05.26"]
[Round "2.5"]
[White "Udipi, Kala Kishan"]
[Black "Papaux, Jeremie"]
[Result "1-0"]
[ECO "D45"]
[WhiteElo "1904"]
[BlackElo "1491"]
[Annotator "TA"]
[PlyCount "111"]
[EventDate "2023.05.26"]
[EventType "swiss"]
[EventCountry "SUI"]
[SourceTitle "playchess.com"]
[Source "ChessBase"]
[SourceQuality "1"]
[TimeControl "5400+30"]

1. d4 Nf6 2. c4 e6 3. Nc3 d5 4. Nf3 Nbd7 5. Qc2 c6 6. e3 Be7 7. g4 dxc4 8. Bxc4 b5 {[%emt 0:03:37] D45: Semi-Slav: 5 e3.} (8... Nxg4 9. Rg1 Ngf6 10. Rxg7 $14) 9. Bd3 h6 10. Rg1 Bb7 {[%emt 0:03:39] [#] Black is slightly better.} 11. Qe2 $146 ({Predecessor:} 11. g5 hxg5 12. Nxg5 Nf8 13. f4 Nd5 14. Nxd5 exd5 15. Nf3 Bf6 16. Bd2 Rh3 17. Rf1 {1-0 Wichmann,C (2266)-Engel,G (1706) Sachsen-ch Leipzig 2018 (2)}) 11... g5 (11... b4 $5 12. Na4 c5 13. dxc5 Nxc5 14. Nxc5 Bxc5 $15) 12. Bd2 a6 $1 13. O-O-O Qc7 {[%emt 0:01:24] ...c5 is the strong threat.} 14. Kb1 c5 15. Rc1 (15. dxc5 $142 Nxc5 16. Bc2) 15... c4 $17 16. Bc2 Nb6 (16... b4 $17 17. Na4 Qa5) 17. Ne5 $11 Nfd5 (17... Nbd7 $11) 18. Nxd5 $14 Nxd5 19. e4 (19. f4 $14) 19... Nb4 $1 $15 20. Bd1 Nc6 (20... Rd8 $17 21. Qe3 Bd6) 21. Nxc6 $11 Bxc6 22. d5 exd5 (22... Bb7 $142) 23. exd5 Bxd5 24. Re1 Be6 25. Bc3 {[%emt 0:38:27][%mdl 1024] White has compensation.} Rg8 26. Qe4 O-O-O $1 27. Qa8+ Qb8 28. Qc6+ Qc7 29. Qa8+ Qb8 30. Qc6+ Qc7 31. Qxa6+ Qb7 32. Rxe6 $40 {[%emt 0:00:00][%mdl 128] Black needs to defend precisely.} (32. Qa5 $1 $14) 32... fxe6 33. Qxe6+ Qd7 ({Black should try} 33... Kb8 $11) 34. Qxh6 {[%emt 0:00:00] White is more active.} (34. Qa6+ $14 Qb7 35. Qxh6) 34... Rgf8 (34... Qd6 $11 35. Qh7 Qg6+ 36. Qxg6 (36. Bc2 Qxh7 37. Bxh7 Rgf8 $11) 36... Rxg6) 35. f3 ({White should play} 35. Bc2 $14) 35... Bd6 (35... Qd6 $11 36. Qh7 Qd3+ 37. Qxd3 Rxd3) 36. Bc2 $1 $16 Bf4 (36... Rxf3 $16 {was called for.} 37. Qxg5 Bc7) 37. Rh1 $2 (37. Bb4 $1 $18 Rf7 38. Be4) 37... Qd5 (37... Qd6 $14 38. Bf5+ Kb7 39. Qxd6 Rxd6) 38. Rf1 (38. a3 $16 {Strongly threatening Rd1.} Qd6 39. Qh7) 38... Rfe8 {[%emt 0:04:57] [#]} (38... Qd6 $11 39. Qxd6 Bxd6) 39. Qb6 ({Of course not} 39. Bf5+ $6 Kb8 40. Qb6+ Qb7 $11) (39. a3 $1 $16) 39... Rf8 $2 (39... Bxh2 $2 40. Bf5+ Rd7 41. Ba5 $18 (41. Bxd7+ Kxd7 42. Qa7+ Kc8 $16)) (39... Rd6 $14 40. Qa7 Re2 41. Bf5+ Kd8 42. Qb8+ Ke7 43. Qa7+ (43. Bb4 Be5 $11) 43... Kd8) 40. a3 {[%emt 0:01:14] Hoping for Be4.} Qb7 {[%emt 0:01:43] Inhibits Be4.} (40... Rd6 41. Qf2 Re8) 41. Qc5+ $18 Kb8 42. Be4 {[%emt 0:00:36] A strong pair of Bishops.} Bd6 $2 (42... Rc8) 43. Qxd6+ $2 (43. Be5 $18 {and the rest is easy.} Qxe4+ 44. fxe4 Rxf1+ 45. Ka2 Bxe5 46. Qxb5+ Kc7 47. Qxc4+ Kb6 48. Qxf1) 43... Rxd6 $16 44. Bxb7 Kxb7 $18 {[%emt 0:00:13][%mdl 4096] Endgame KRR-KRB} 45. Bb4 Kc6 46. Bxd6 Kxd6 {[%emt 0:00:07] KR-KR} 47. Kc2 Kc5 48. Re1 (48. Kc3 $16) 48... Kd4 {[%emt 0:01:45] [#]} (48... Rxf3 $11 {keeps the balance.} 49. Re5+ Kc6) 49. Re4+ $1 $16 Kd5 50. Re3 Kd4 51. Kd2 Rh8 52. Re4+ Kd5 53. Re2 Rf8 (53... Kd4 $142 54. Kc2 Rf8) 54. Ke3 {[%emt 0:00:37] Black must now prevent Kf2.} Rf4 $2 {[%emt 0:00:46][%mdl 8192] [#]} (54... Rh8 $16 55. Rd2+ Ke5) 55. h4 $1 $18 Rd4 (55... Rf8 56. hxg5) 56. hxg5 {[%emt 0:02:44] Never resign too early!   Weighted Error Value: White=0.46/Black=0.45} 1-0

[Event "Swiss Youth-ch U14 2023"]
[Site "Olten"]
[Date "2023.05.26"]
[Round "2.6"]
[White "Van Aepelen, Nikolai"]
[Black "Gade, Niels Severin"]
[Result "1-0"]
[ECO "D52"]
[WhiteElo "1623"]
[BlackElo "1689"]
[Annotator "NA RC"]
[PlyCount "83"]
[EventDate "2023.05.26"]
[EventType "swiss"]
[EventCountry "SUI"]
[SourceTitle "playchess.com"]
[Source "ChessBase"]
[SourceQuality "1"]
[TimeControl "5400+30"]

1. d4 d5 2. c4 c6 3. Nf3 Nf6 4. Nc3 e6 5. Bg5 Nbd7 6. e3 Qa5 7. Bxf6 Nxf6 8. a3 Ne4 9. Rc1 Nxc3 10. Rxc3 Bxa3 11. Nd2 Bxb2 12. Rc2 Bc3 13. Be2 Bxd2+ 14. Rxd2 dxc4 15. Bxc4 O-O 16. O-O Bd7 17. Ra2 Qc7 18. Bd3 b5 19. Qc2 g6 20. Bxb5 Rfb8 21. Bd3 a5 22. Rc1 Qb6 23. h4 Ra7 24. h5 Kg7 25. Qe2 Qc7 26. Rc5 a4 27. Qf3 Rab7 28. g3 Ra7 29. h6+ Kf8 30. g4 Qd8 31. g5 Kg8 32. Qf4 Qf8 33. Qf6 Rb3 34. Bc2 Rb4 35. e4 a3 36. Rc3 Rb2 37. Raxa3 Rxa3 38. Rxa3 Rb8 39. Ra7 Be8 40. Bb3 c5 41. dxc5 Rc8 42. Bxe6 1-0

[Event "Swiss Youth-ch U14 2023"]
[Site "Olten"]
[Date "2023.05.26"]
[Round "2.7"]
[White "Paholok, Adam"]
[Black "Stoll, Arturo"]
[Result "1/2-1/2"]
[ECO "D00"]
[WhiteElo "1556"]
[BlackElo "1607"]
[Annotator "NA RC"]
[PlyCount "71"]
[EventDate "2023.05.26"]
[EventType "swiss"]
[EventCountry "SUI"]
[SourceTitle "playchess.com"]
[Source "ChessBase"]
[SourceQuality "1"]
[TimeControl "5400+30"]

1. d4 Nf6 2. e3 d5 3. Bd3 c5 4. c3 Nc6 5. f4 Bg4 6. Nf3 Ne4 7. O-O e6 8. Nbd2 f5 9. Qe1 Bxf3 10. Nxf3 Be7 11. b3 cxd4 12. cxd4 Rc8 13. a3 O-O 14. b4 a6 15. Bb2 a5 16. b5 Nb8 17. Ne5 Bd6 18. Rc1 Rxc1 19. Qxc1 Nd7 20. Qc2 Bxe5 21. dxe5 Nec5 22. Be2 b6 23. Rc1 a4 24. Bd1 Kf7 25. Qe2 g6 26. Bd4 Qe7 27. g3 h5 28. h4 Kg7 29. Kg2 Kh6 30. Rc3 Qd8 31. Qc2 Qa8 32. Qe2 Rc8 33. Rc2 Nb3 34. Rxc8 Qxc8 35. Qc2 Nbc5 36. Qc3 1/2-1/2

[Event "Swiss Youth-ch U14 2023"]
[Site "Olten"]
[Date "2023.05.26"]
[Round "2.8"]
[White "Gafner, Lancelot"]
[Black "Haas, Anthony"]
[Result "0-1"]
[ECO "C42"]
[WhiteElo "1641"]
[BlackElo "1530"]
[Annotator "NA RC"]
[PlyCount "92"]
[EventDate "2023.05.26"]
[EventType "swiss"]
[EventCountry "SUI"]
[SourceTitle "playchess.com"]
[Source "ChessBase"]
[SourceQuality "1"]
[TimeControl "5400+30"]

1. e4 e5 2. Nf3 Nf6 3. Nxe5 d6 4. Nf3 Nxe4 5. d4 d5 6. Bd3 Bd6 7. O-O O-O 8. Re1 Re8 9. h3 Nd7 10. c4 c6 11. Nc3 Ndf6 12. Qc2 Nxc3 13. bxc3 Rxe1+ 14. Nxe1 h6 15. Nf3 Be6 16. c5 Bc7 17. a4 b6 18. Ba3 Nd7 19. cxb6 axb6 20. Bb2 Nf6 21. Qe2 Nh5 22. Bc2 Nf4 23. Qe3 Qf6 24. Re1 Re8 25. Ba1 Nxg2 26. Kxg2 Bxh3+ 27. Kxh3 Rxe3 28. Rxe3 g5 29. Kg2 Qf4 30. Ne5 Bxe5 31. dxe5 Qc4 32. Re1 Qa2 33. Rc1 Qc4 34. Re1 Qf4 35. Bb2 Qd2 36. Rc1 h5 37. Ba3 Qf4 38. Re1 Qd2 39. Rc1 Kg7 40. Bb2 h4 41. Kf3 Kh6 42. Kg2 g4 43. Ba3 c5 44. Bb1 h3+ 45. Kg3 Kg5 46. f3 Qg2# 0-1

[Event "Swiss Youth-ch U14 2023"]
[Site "Olten"]
[Date "2023.05.27"]
[Round "3.1"]
[White "Gut, Lionel"]
[Black "Malli, Suvirr"]
[Result "1/2-1/2"]
[ECO "D10"]
[WhiteElo "2054"]
[BlackElo "2114"]
[Annotator "TA"]
[PlyCount "91"]
[EventDate "2023.05.26"]
[EventType "swiss"]
[EventCountry "SUI"]
[SourceTitle "playchess.com"]
[Source "ChessBase"]
[SourceQuality "1"]
[TimeControl "5400+30"]

1. d4 d5 2. c4 c6 3. cxd5 cxd5 4. Nc3 Nf6 5. Bf4 Nc6 6. e3 a6 7. Bd3 e6 8. Rc1 {[%emt 0:00:11] 8.Rc1 has lost popularity.} Bd6 9. Bxd6 {[%emt 0:00:04] D10: Slav Defence: 3 cxd5 (without early Nf3) and 3 Nc3.} Qxd6 10. f4 h6 11. Nf3 {[%emt 0:04:05] White is slightly better.} Bd7 12. Ne5 {[%emt 0:03:18] [#]} Qb4 $146 ({Predecessor:} 12... g5 13. Qf3 g4 14. Qf2 h5 15. Qh4 Qe7 16. O-O Ng8 17. Qf2 Nf6 18. a3 h4 {1-0 Hernandez Ramos,D (2078)-Lopez de Turiso,J (1913) San Sebastian de los Reyes op 20th 2018 (2)}) 13. O-O O-O (13... Qxb2 $14 {was preferrable.} 14. Na4 Qa3) 14. Rc2 Rac8 15. g4 {[%emt 0:03:49] Threatens to win with g5.} Nxe5 16. fxe5 Nh7 17. Rg2 {[%emt 0:02:47][%cal Og4g5] g5! is the strong threat.} g6 (17... Ng5 $2 18. h4 Qe7 19. hxg5 $18) 18. a3 (18. h4 $142) 18... Qe7 $16 19. Qe1 {[%emt 0:00:16] Against Qh4} Kh8 ({Black should try} 19... f6) 20. Qg3 Bc6 21. h4 Kg7 {[%emt 0:01:43] Black is weak on the dark squares} 22. Rgf2 Qd8 23. Rf4 {[%emt 0:15:27] White is much more active.} Rc7 24. R1f2 Rd7 25. R4f3 Rc7 26. Kh2 Rd7 27. Rf1 Rc7 28. Qf2 Qc8 29. h5 Qd8 30. hxg6 ({White should play} 30. Kg3 $18) 30... fxg6 31. Rxf8 Nxf8 32. Kg3 Nh7 33. Qf4 Qg5 34. Qxg5 (34. Kg2 {looks sharper.} Qe7 35. Rh1 Qg5 36. Qg3) 34... Nxg5 35. Rf6 Be8 36. e4 dxe4 37. Nxe4 Nxe4+ 38. Bxe4 $11 {[%emt 0:00:02][%mdl 4096] Endgame KRB-KRB} Bf7 39. Rf3 b5 {[%emt 0:01:17] The position is equal.} 40. Rc3 Rd7 41. Rd3 Rc7 42. b4 Kf8 43. Kf3 Ke7 44. Ke3 g5 45. Kd2 Rd7 46. Ke3 {[%emt 0:01:37] White really could win this.   Weighted Error Value: White=0.15 (very precise) /Black=0.15 (very precise)} 1/2-1/2